 Dungeon Crawl Stone Soup version 0.30-a0-42-g806c11bf1d (webtiles) character file.

Game seed: 6658245261872675873

2555 Nattfarinn the Protected (level 9, 0/54 HPs)
             Began as a Gargoyle Venom Mage on Aug 30, 2022.
             Was a Believer of Okawaru.
             Slain by Maggie
             ... wielding a +2 vorpal morningstar
              (1 damage)
             ... on level 7 of the Dungeon.
             The game lasted 00:17:17 (9719 turns).

Nattfarinn the Protected (Gargoyle Venom Mage)      Turns: 9719, Time: 00:17:18

Health: 0/54       AC: 13    Str: 11    XL:     9   Next: 56%
Magic:  7/15       EV: 11    Int: 21    God:    Okawaru [**....]
Gold:   392        SH:  0    Dex: 10    Spells: 5/16 levels left

rFire   + . .      SeeInvis +    e - +1 dagger (flame)
rCold   + . .      Faith    .    (no shield)
rNeg    + . .      Spirit   .    r - +3 leather armour of Goucoodil {rElec rC+ Stlth+}
rPois   ∞          Reflect  .    (no helmet)
rElec   +          Harm     .    (no cloak)
rCorr   .          Rampage  .    (no gloves)
Will    .....                    (no boots)
Stlth   +++.......               (no amulet)
HPRegen 0.18/turn                w - ring of protection from fire
MPRegen 0.14/turn                y - ring of see invisible

@: freezing walls, mesmerised
A: sickness immunity, AC +6, negative energy resistance 1, electricity
resistance, torment resistance 1, petrification resistance
a: Renounce Religion, Heroism


You were on level 7 of the Dungeon.
You worshipped Okawaru.
Okawaru was pleased with you.
You visited 2 branches of the dungeon, and saw 8 of its levels.

You collected 392 gold pieces.

Inventory:

Hand Weapons
 d - a +0 hand axe
 e - a +1 dagger of flaming (weapon)
 i - a +2 short sword of speed
Armour
 a - a +0 robe
 r - the +3 leather armour of Goucoodil (worn) {rElec rC+ Stlth+}
   (You took it off a kobold on level 3 of the Dungeon)

   rC:        It protects you from cold.
   rElec:     It insulates you from electricity.
   Stlth:     It makes you more stealthy.
Jewellery
 f - a ring of magical power
 w - a ring of protection from fire (left hand)
 y - a ring of see invisible (right hand)
Scrolls
 c - a scroll of magic mapping
 g - 3 scrolls of teleportation
 h - 2 scrolls of immolation
 j - a scroll of blinking
 l - 2 scrolls of butterflies
 m - 2 scrolls of vulnerability
 p - 2 scrolls of amnesia
 t - a scroll of fear {unknown}
Potions
 b - a potion of berserk rage {unknown}
 k - 4 potions of curing
 n - a potion of might
 o - 2 potions of haste
 q - 2 potions of degeneration {unknown}
 s - a potion of resistance {unknown}
 u - a potion of brilliance {unknown}
 v - 2 potions of attraction {unknown}
 x - 4 potions of flight {unknown}
 z - a potion of magic


   Skills:
 - Level 5.6 Fighting
 - Level 8.2 Armour
 - Level 1.5 Dodging
 - Level 2.1 Stealth
 + Level 4.0 Spellcasting
 - Level 0.7 Transmutations
 * Level 5.3 Ice Magic
 - Level 6.0 Poison Magic


You had 5 spell levels left.
You knew the following spells:

 Your Spells              Type           Power      Damage    Failure   Level
a - Sting                 Tmut/Pois      72%        1d6       3%          1
b - Mephitic Cloud        Conj/Pois/Air  12%        N/A       21%         3
c - Olgreb's Toxic Radia  Pois           29%        N/A       12%         4
d - Frozen Ramparts       Ice            52%        1d8       4%          3

Your spell library contained the following spells:

 Spells                   Type           Power      Damage    Failure   Level
 Poisonous Vapours        Pois/Air       34%        N/A       7%          2
 Necrotise                Necr           16%        1d4       16%         1
 Slow                     Hex            16%        N/A       16%         1
 Confusing Touch          Hex            4%         N/A       41%         3
 Vampiric Draining        Necr           4%         2d6       41%         3
 Ice Form                 Ice/Tmut       17%        N/A       41%         4
 Petrify                  Tmut/Erth      5%         N/A       78%         4
 Irradiate                Conj/Tmut      2%         3d12      98%         5
 Agony                    Necr           4%         N/A       99%         5
 Sublimation of Blood     Necr           Unusable   N/A       N/A         2
 Summon Ice Beast         Ice/Summ       Unusable   N/A       N/A         4

Dungeon Overview and Level Annotations

Branches:
Dungeon (7/15)             Temple (1/1) D:4

Altars:
Cheibriados
Dithmenos
Elyvilon
Fedhas
Gozag
Hepliaklqana
Kikubaaqudgha
Makhleb
Nemelex Xobeh
Okawaru
Trog
Uskayaw
Vehumet
Wu Jian
Xom
Yredelemnul
Zin
The Shining One

Shops:
D:3 *

Annotations:
D:7 Maggie


Innate Abilities, Weirdness & Mutations

You are immune to sickness and miasma.
Your stone body is resilient. (AC +6)
You are immune to poison.
You resist negative energy. (rN+)
You are resistant to electric shocks. (rElec)
You are resistant to unholy torment.
You are immune to petrification.


Message History

Maggie is heavily wounded.
The wall freezes Maggie.
Maggie hits you with a +2 vorpal morningstar!
You are too injured to fight recklessly!
You are too injured to fight recklessly!
You hit Maggie but do no damage.
Maggie is severely wounded.
The wall freezes Maggie but does no damage.
Maggie casts a spell at you. The bolt of fire hits you! You resist.
You closely miss Maggie.
Maggie is severely wounded.
The wall freezes Maggie.
Maggie barely misses you.
You hit Maggie. You burn Maggie.
Maggie is severely wounded.
The frozen ramparts melt away.
Maggie points at you and mumbles some strange words.
The bolt of fire hits you. You resist.
* * * LOW HITPOINT WARNING * * *
Casting: Frozen Ramparts (dangerous; 4% risk of failure)
Confirm with . or Enter, or press ? or * to list all spells.
Casting: Frozen Ramparts (dangerous; 4% risk of failure)
Press: ? - help, Dir - look around, f - activate The walls around you are covered in ice.
The wall freezes Maggie.
Maggie hits you but does no damage.
Unknown command.
You closely miss Maggie.
Maggie is severely wounded.
The wall freezes Maggie!
Maggie hits you with a +2 vorpal morningstar.
* * * LOW HITPOINT WARNING * * *
x2
Press: ? - help, v - describe, . - travel
Here: Maggie, wielding a +2 vorpal morningstar and wearing +0 acid dragon scales (almost dead, mesmerising, poisoned)
The floor, spattered with blood.
You closely miss Maggie.
Maggie is almost dead.
The wall freezes Maggie.
Maggie hits you with a +2 vorpal morningstar!
* * * LOW HITPOINT WARNING * * *
You die...

#....# #########
#....# ........#
#....# ........#
#....# ........#
#....#
........########....#
....................#
........#######.....#
........@# #####...#
########.@###.###...#
#####...##...#####
#.....####.....
#....†#........
#....††........
##...##.>....<.
##.###........
####.........


You could see Maggie (mesmerising, poisoned).

Vanquished Creatures
  Grinder (D:3)
  Sigmund (D:3)
  Duvessa (D:6)
  A water moccasin (D:5)
  An ice beast (D:6)
  A centaur (D:7)
  3 phantoms
  A kobold brigand (D:6)
  3 bullfrogs
  3 scorpions
  7 wights
  Dowan (D:6)
  A vampire bat (D:7)
  An electric eel (D:7)
  A howler monkey (D:6)
  3 hounds
  A jelly (D:6)
  2 orc priests (D:6)
  Jessica (D:2)
  An orc wizard (D:6)
  6 iguanas
  A gnoll (D:1)
  9 adders
  A shadow imp (D:7)
  3 worms
  A dart slug (D:1)
  18 orcs
  11 ball pythons
  13 bats
  4 endoplasms
  A giant cockroach (D:4)
  6 goblins
  5 hobgoblins
  3 jackals (D:2)
  15 kobolds
  7 quokkas
  4 frilled lizards
  3 rats
146 creatures vanquished.

Vanquished Creatures (others)
  An orc wizard (D:6)
  A butterfly (D:4)
2 creatures vanquished.

Grand Total: 148 creatures vanquished

Notes
Turn   | Place    | Note
-------+----------+-------------------------------------------
     0 | D:1      | Nattfarinn the Gargoyle Venom Mage began the quest for the
                  | Orb.
     0 | D:1      | Reached XP level 1. HP: 10/10 MP: 3/3
   177 | D:1      | Reached skill level 1 in Armour
   231 | D:1      | Reached XP level 2. HP: 5/16 MP: 0/5
   659 | D:1      | Reached skill level 1 in Fighting
   791 | D:1      | Found a faded altar of an unknown god.
  1212 | D:1      | Reached skill level 2 in Armour
  1212 | D:1      | Reached XP level 3. HP: 20/20 MP: 6/6
  2452 | D:2      | Reached XP level 4. HP: 26/26 MP: 3/7
  2456 | D:2      | Learned a level 3 spell: Mephitic Cloud
  2544 | D:2      | Found an ornate altar of the Wu Jian Council.
  2912 | D:2      | Noticed Jessica
  2918 | D:2      | Killed Jessica
  2919 | D:2      | Reached skill level 3 in Armour
  3592 | D:3      | Reached XP level 5. HP: 25/30 MP: 1/8
  3597 | D:3      | Learned a level 4 spell: Olgreb's Toxic Radiance
  3681 | D:3      | Identified the +3 leather armour of Goucoodil {rElec rC+
                  | Stlth+}
  3971 | D:3      | Noticed Grinder
  3999 | D:3      | Killed Grinder
  4000 | D:3      | Reached skill level 4 in Armour
  4000 | D:3      | Reached XP level 6. HP: 21/37 MP: 0/9
  4225 | D:3      | Noticed Sigmund
  4235 | D:3      | Killed Sigmund
  4236 | D:3      | Reached skill level 5 in Armour
  4236 | D:3      | Reached XP level 7. HP: 41/42 MP: 4/10
  4307 | D:3      | Found an opulent altar of Gozag.
  4311 | D:3      | Found Gozag's Platinum Reserve.
  4946 | D:4      | Found a staircase to the Ecumenical Temple.
  4996 | Temple   | Entered the Ecumenical Temple
  4996 | Temple   | Found a transporter.
  4996 | Temple   | Found a transporter.
  4998 | Temple   | Found a transporter.
  4998 | Temple   | Found a transporter.
  5162 | D:4      | Found a white marble altar of Elyvilon.
  5277 | D:4      | Reached skill level 6 in Armour
  5647 | D:4      | Found an iron altar of Okawaru.
  5684 | D:4      | Became a worshipper of Warmaster Okawaru
  5998 | D:5      | Entered Level 5 of the Dungeon
  6015 | D:5      | Reached skill level 5 in Poison Magic
  6483 | D:5      | Reached XP level 8. HP: 48/48 MP: 3/11
  6943 | D:5      | Reached skill level 7 in Armour
  7162 | D:6      | Noticed Duvessa
  7162 | D:6      | Noticed Dowan
  7192 | D:6      | Killed Duvessa
  7192 | D:6      | Reached * piety under Okawaru
  7193 | D:6      | Reached skill level 5 in Fighting
  7194 | D:6      | Killed Dowan
  7407 | D:5      | Reached skill level 8 in Armour
  7615 | D:5      | Learned a level 3 spell: Frozen Ramparts
  7649 | D:6      | Reached skill level 1 in Ice Magic
  7696 | D:6      | Reached ** piety under Okawaru
  7697 | D:6      | Reached XP level 9. HP: 32/54 MP: 12/12
  8759 | D:6      | Found a shadowy altar of Dithmenos.
  8938 | D:6      | Found a hazy altar of Hepliaklqana.
  9229 | D:7      | Reached skill level 5 in Ice Magic
  9702 | D:7      | Noticed Maggie
  9719 | D:7      | HP: 1/54 [Maggie/+2 vorpal morningstar (8)]
  9719 | D:7      | Slain by Maggie

Illustrated notes

Levels and vault maps discovered:
D:1:      shiori_shiawase, layout_basic, shapermc_ecumenical_altar_hornbeckon,
          serial_park_tiny_1
D:2:      layout_loops_corners, basic_altar, minmay_small_reverse_x,
          uniq_jessica
D:3:      layout_loops_cross, nicolae_gozag_zags_fifth_avenue,
          minmay_misc_feat_chi, kennysheep_generic_room_3, uniq_sigmund,
          uniq_grinder
D:4:      layout_basic, nicolae_elyvilon_peaceful_grove, old_standard_altar,
          minmay_temple_entry_tees, minmay_misc_feat_secret_circle,
          minmay_misc_feat_rows
D:5:      layout_loops_ring, chequers_serial_rivers_room_a, grunt_ministairs_6
D:6:      layout_loops_ring, riverfiend_overflow_shadow_ancestor, uniq_duvessa
D:7:      layout_rooms, roderic_batcave, kennysheep_donut, chequers_jeans,
          grunt_ministairs_5, minmay_chambers_of_fives, uniq_crazy_yiuf_cottage,
          uniq_maggie, uniq_joseph
Temple:   hellmonk_temple_divided_pantheon

Skill      XL: |  1  2  3  4  5  6  7  8  9 |
---------------+----------------------------+-----
Armour         | 1 2 3 4 5 6 8 |  8.2
Fighting       | 1 2 3 4 5 |  5.6
Poison Magic   | 4 5 6 |  6.0
Ice Magic      | 2 5 |  5.3
Spellcasting   | 4 |  4.0
Dodging        | |  1.5
Stealth        | |  2.1
Transmutations | |  0.7

Action                   |  1- 3 |  4- 6 |  7- 9 || total
-------------------------+-------+-------+-------++-------
Melee: Hand axe          |     3 |       |       ||     3
       Unarmed           |     1 |       |       ||     1
       Dagger            |    34 |       |   107 ||   141
       Short sword       |    32 |    17 |   217 ||   266
       Punch             |       |       |     5 ||     5
 Cast: Sting             |    55 |    67 |    95 ||   217
       Olgreb's Toxic Ra |       |       |     7 ||     7
       Frozen Ramparts   |       |       |    11 ||    11
Evoke: Wand              |       |       |    20 ||    20
  Use: Scroll            |       |       |    10 ||    10
       Potion            |       |       |     3 ||     3
 Stab: Sleeping          |     2 |       |     4 ||     6
Armor: Robe              |    40 |     9 |       ||    49
       Leather armour    |       |    13 |   162 ||   175
Dodge: Dodged            |    60 |    33 |   203 ||   296

Table legend: (Time is in decaauts)
 A = Elapsed time spent in this place.
 B = Non-inter-level travel time spent in this place.
 C = Inter-level travel time spent in this place.
 D = Time resting spent in this place.
 E = Time spent auto-exploring this place.
 F = Levels seen in this place.
 G = Mean time per level.
                   A        B        C        D        E       F      G
               +--------+--------+--------+--------+--------+-----+--------+
         Total |   9655 |   9382 |    273 |   1078 |   7006 |   8 | 1206.9 |
       Dungeon |   9570 |   9297 |    273 |   1078 |   7001 |   7 | 1367.1 |
        Temple |     84 |     84 |      0 |      0 |      5 |   1 |   84.0 |
               +--------+--------+--------+--------+--------+-----+--------+

Top non-repeatable levels by time:
     D:1: 1955 daAuts
     D:6: 1631 daAuts
     D:2: 1552 daAuts
     D:5: 1514 daAuts
     D:3: 1306 daAuts
     D:4: 1105 daAuts
     D:7: 503 daAuts
  Temple: 84 daAuts
